 Dungeon Crawl Stone Soup version 0.27.0-1-g7a089689b8 (webtiles) character file.

Game seed: 852497712530469798

179 horus123 the Chopper (level 5, -2/41 HPs)
             Began as a Demigod Gladiator on Aug 17, 2021.
             Slain by a killer bee (7 damage)
             ... on level 4 of the Dungeon.
             The game lasted 00:05:53 (4072 turns).

horus123 the Chopper (Demigod Gladiator)            Turns: 4072, Time: 00:05:54

Health: -2/41      AC:  5    Str: 19    XL:     5   Next: 10%
Magic:  8/8        EV: 13    Int: 10    God:
Gold:   160        SH:  0    Dex: 15    Spells: 3/4 levels left

rFire    + . .     SeeInvis .   a - +0 war axe (freeze)
rCold    x . .     Faith    .   (no shield)
rNeg     . . .     Spirit   .   b - +0 leather armour
rPois    .         Reflect  .   n - +1 helmet
rElec    .         Harm     .   (no cloak)
rCorr    .         Rampage  .   (no gloves)
Will     .....                  (no boots)
Stlth    +.........             (no amulet)
HPRegen  0.13/turn              j - ring of fire
MPRegen  0.11/turn              (no ring)

@: lethally poisoned (-2 -> -9)
A: high mp 1, forlorn
a: no special abilities


You were on level 4 of the Dungeon.
You visited 1 branch of the dungeon, and saw 4 of its levels.

You collected 160 gold pieces.

Inventory:

Hand Weapons
 a - a +0 war axe of freezing (weapon)
Missiles
 d - 3 throwing nets
 h - 42 poisoned darts
Armour
 b - a +0 leather armour (worn)
 n - a +1 helmet (worn)
Jewellery
 j - a ring of fire (left hand)
Scrolls
 c - a scroll of brand weapon
 i - a scroll of blinking {unknown}
Potions
 e - 2 potions of brilliance
 f - a potion of flight
 g - a potion of lignification {unknown}
 k - a potion of attraction {unknown}
 l - a potion of cancellation {unknown}


   Skills:
 + Level 2.2 Fighting
 + Level 4.1 Axes
 + Level 1.8 Throwing
 + Level 1.6 Armour
 * Level 3.3 Dodging
 + Level 0.1 Stealth
 * Level 0.3 Spellcasting
 * Level 0.1 Conjurations
 * Level 0.8 Air Magic


You had 3 spell levels left.
You knew the following spells:

 Your Spells              Type           Power      Damage    Failure   Level
a - Shock                 Conj/Air       4%         1d3       34%         1

Your spell library contained the following spells:

 Spells                   Type           Power      Damage    Failure   Level
 Swiftness                Air            1%         N/A       67%         3
 Ozocubu's Armour         Ice            0%         N/A       80%         3
 Airstrike                Air            0%         N/A       97%         4
 Metabolic Englaciation   Hex/Ice        0%         N/A       100%        5
 Simulacrum               Ice/Necr       0%         N/A       100%        6


Dungeon Overview and Level Annotations

Branches:
Dungeon (4/15)
 Temple: D:4-7

Annotations:
D:3 3 runed translucent doors, Spectrina's ghost, novice DjNe


Innate Abilities, Weirdness & Mutations

Your attributes grow dramatically as you level up.
You have an increased reservoir of magic. (+10% MP)
You shall have no god before yourself.


Message History

There is an open door here.
An orc comes into view. It is wielding a +0 club.
The orc shouts! x2
The orc moves out of view.
You barely miss the killer bee. You completely miss the killer bee.
The killer bee stings you.
You are poisoned.
The killer bee poisons you! The killer bee misses you.
The killer bee barely misses you. x2; The orc closely misses you.
You hit the killer bee. You freeze the killer bee.
The killer bee is heavily wounded.
You hit the orc. You freeze the orc. You hit the killer bee.
You freeze the killer bee.
You feel very sick. The killer bee stings you.
You are more poisoned.
The killer bee poisons you! The killer bee stings you!
The killer bee barely misses you. The killer bee closely misses you.
The orc hits you with a +0 dagger. The killer bee misses you.
The killer bee stings you.
You closely miss the orc.
The orc is moderately wounded.
You barely miss the killer bee. You slash the killer bee!
You freeze the killer bee.
You feel very sick. The killer bee completely misses you.
The killer bee closely misses you. The killer bee stings you.
The killer bee barely misses you. The orc barely misses you.
You slash the orc! You freeze the orc.
You kill the orc!
You hit the killer bee. You freeze the killer bee.
You hit the killer bee but do no damage.
You feel very sick. The killer bee misses you. The killer bee stings you.
* * * LOW HITPOINT WARNING * * *
The killer bee stings you but does no damage.
The killer bee stings you.
* * * LOW HITPOINT WARNING * * *
The killer bee stings you!
You die...

####.## #.(..
#....... #..[.
#....... #....
...... #... #...#
##..o###...#######
#....o#...........
#...oy#...<.......
#....@yy..........
###..###.....###..
### #.....#
........#
+........+
#........#
##......##
#......# ........


You could see 3 killer bees and 3 orcs.

Vanquished Creatures
  Terence (D:2)
  Robin (D:3)
  4 adders
  A gnoll (D:2)
  4 worms (D:2)
  2 dart slugs
  2 orcs
  7 endoplasms
  A giant cockroach (D:2)
  16 goblins
  9 hobgoblins
  3 jackals (D:3)
  9 kobolds
  3 quokkas
  7 ball pythons
  4 bats
  2 frilled lizards
  7 rats
83 creatures vanquished.

Notes
Turn   | Place    | Note
-------+----------+-------------------------------------------
     0 | D:1      | horus123 the Demigod Gladiator began the quest for the Orb.
     0 | D:1      | Reached XP level 1. HP: 17/17 MP: 3/3
   131 | D:1      | Reached skill level 3 in Axes
   213 | D:1      | Reached XP level 2. HP: 24/24 MP: 4/4
  1543 | D:2      | Reached XP level 3. HP: 29/29 MP: 5/5
  1811 | D:2      | Reached skill level 1 in Armour
  2224 | D:2      | Noticed Terence
  2251 | D:2      | Killed Terence
  2252 | D:2      | Reached XP level 4. HP: 9/36 MP: 6/6
  2831 | D:2      | Learned a level 1 spell: Shock
  3453 | D:3      | Found a runed translucent gate.
  3453 | D:3      | Found a runed translucent gate.
  3453 | D:3      | Found a runed translucent gate.
  3577 | D:3      | Noticed Robin
  3591 | D:3      | Reached skill level 4 in Axes
  3612 | D:3      | Killed Robin
  3613 | D:3      | Reached XP level 5. HP: 29/41 MP: 8/8
  3968 | D:3      | Noticed Spectrina's ghost (novice DjNe)
  4072 | D:4      | Slain by a killer bee

Illustrated notes

Levels and vault maps discovered:
D:1:      zelgadis_glass_arrival_small, layout_basic,
          shapermc_ecumenical_altar_ellora
D:2:      minmay_thinvault, layout_basic, basic_altar,
          kennysheep_generic_room_5, uniq_terence
D:3:      layout_basic, gammafunk_ghost_icy, kennysheep_pointless_box,
          uniq_robin
D:4:      layout_gridville, minmay_temple_entry_mini_moons, bh_walls_and_bars,
          uniq_ijyb

Skill      XL: |  1  2  3  4 |
---------------+-------------+-----
Axes           | 3 4 |  4.1
Dodging        | 3 |  3.3
Fighting       | 2 |  2.2
Armour         | 1 |  1.6
Throwing       | |  1.8
Stealth        | |  0.1
Spellcasting   | |  0.3
Conjurations   | |  0.1
Air Magic      | |  0.8

Action                   |  1- 3 |  4- 6 || total
-------------------------+-------+-------++-------
Melee: War axe           |   135 |    97 ||   232
  Use: Scroll            |     4 |     1 ||     5
       Potion            |       |     1 ||     1
Armor: Leather armour    |    50 |    40 ||    90
Dodge: Dodged            |    98 |   117 ||   215
